Map: Interloper LE

Players

Namshar - Winner!

  • Race: Zerg Zerg
  • Spawn Location: 11:00

Kelazhur

  • Race: Terran Terran
  • Spawn Location: 5:00

Event: WCS Montreal 2017

VOD

Have the link to the VOD?

Description

Time

  • Played on: Sept. 8, 2017, 8:30 p.m.
  • Length: 14:18

All games in this series

Show
View Real Time Build Order
Export as new Build Order

Namshar Zerg - Winner!

Build Orders: Pool First, Swarm Host 

Get SALT Encoding   

  12  0:00  Drone  
  13  0:12  Overlord  
  13  0:17  Drone  
  14  0:30  Drone x2  
  14  0:34  Drone  
  17  0:44  Extractor  
  17  0:45  Drone  
  17  0:49  Spawning Pool  
  16  0:55  Drone  
  17  1:07  Drone  
  18  1:19  Hatchery  
  18  1:23  Drone  
  18  1:30  Drone  
  19  1:37  Queen  
  21  1:41  Zergling x2  
  22  1:47  Metabolic Boost  
  22  1:54  Overlord  
  22  2:12  Queen  
  25  2:22  Drone  
  25  2:23  Drone x2  
  27  2:40  Zergling x4  
  27  2:42  Zergling x2  
  29  2:45  Queen  
  29  2:47  Drone  
  29  2:48  Pneumatized Carapace  
  29  2:49  Overlord  
  32  2:52  Drone  
  32  2:54  Drone  
  32  2:56  Drone  
  35  3:12  Drone x3  
  38  3:24  Queen  
  38  3:25  Drone x4  
  44  3:32  Overlord x2  
  44  3:52  Hatchery  
  44  3:55  Lair  
  43  3:56  Drone x2  
  43  3:57  Drone x2  
  43  3:58  Drone x3  
  43  4:02  Zergling x4  
  52  4:03  Zergling x2  
  52  4:15  Zergling x2  
  52  4:16  Queen  
  53  4:22  Spore Crawler, Extractor x2  
  53  4:23  Spore Crawler, Drone  
  50  4:25  Drone  
  50  4:26  Drone x4  
  55  4:32  Baneling Nest, Drone  
  55  4:33  Drone  
  56  4:50  Overlord x2  
  56  4:53  Queen  
  56  4:55  Drone x3  
  60  5:06  Drone  
  62  5:07  Drone x5  
  62  5:13  Drone x3  
  62  5:14  Evolution Chamber x2  
  68  5:15  Drone  
  68  5:17  Overseer  
  66  5:26  Drone x2  
  66  5:27  Drone x3  
  67  5:36  Drone  
  67  5:49  Drone  
  69  5:50  Drone x9  
  69  5:51  Spore Crawler  
  69  5:54  Queen  
  77  5:58  Zerg Ground Armor Level 1, Zerg Missile Weapons Level 1  
  77  6:01  Infestation Pit  
  76  6:05  Extractor  
  76  6:06  Extractor  
  76  6:08  Drone  
  76  6:09  Drone x3  
  78  6:13  Drone x2  
  78  6:16  Extractor, Drone x2  
  78  6:17  Drone  
  82  6:18  Overlord  
  82  6:20  Overlord  
  82  6:26  Baneling x6  
  82  6:27  Baneling x2  
  82  6:36  Queen  
  82  6:39  Queen  
  86  6:41  Queen  
  86  6:44  Zergling x4  
  86  7:02  Drone x3  
  86  7:07  Hydralisk Den  
  88  7:10  Drone  
  89  7:16  Overlord  
  89  7:17  Overlord x3  
  89  7:19  Hatchery  
  88  7:25  Centrifical Hooks  
  88  7:40  Overseer  
  88  7:42  Muscular Augments  
  88  7:47  Swarm Host x11  
  121  7:53  Overlord x4  
  121  7:54  Overlord x2  
  121  8:02  Drone  
  122  8:06  Zerg Ground Armor Level 2, Zerg Missile Weapons Level 2  
  122  8:21  Hydralisk x6  
  134  8:28  Drone  
  134  8:29  Drone x8  
  143  8:38  Spore Crawler, Hydralisk  
  143  8:39  Hydralisk x3  
  150  8:52  Extractor  
  150  8:55  Extractor  
  145  8:57  Hatchery  
  145  8:58  Hydralisk  
  145  8:59  Hydralisk x7  
  158  9:10  Hydralisk  
  158  9:11  Hydralisk x3  
  139  9:48  Swarm Host x3  
  142  9:53  Queen  
  142  9:58  Overlord x3  
  142  9:59  Overlord x3  
  144  10:00  Hive  
  141  10:11  Overlord x3  
  141  10:12  Drone  
  142  10:16  Hatchery  
  141  10:23  Swarm Host  
  141  10:24  Swarm Host x5  
  141  10:27  Hatchery  
  158  10:30  Hydralisk x5  
  158  10:31  Hydralisk x3  
  158  11:02  Hydralisk  
  158  11:03  Hydralisk x9  
  174  11:07  Extractor  
  174  11:08  Drone x2  
  174  11:11  Hydralisk x5  
  177  11:30  Hydralisk x7  
  183  11:33  Drone x3  
  183  11:35  Queen  
  188  11:44  Drone x6  
  192  12:20  Adrenal Glands  
  188  12:27  Queen  
  185  12:57  Viper x4  
  191  13:02  Spire  
  182  13:42  Drone x2  
  182  13:43  Drone x3  
Show
View Real Time Build Order
Export as new Build Order

Kelazhur Terran 

Build Orders: Reaper Expand, Hellion Banshee, Mech 

Get SALT Encoding   

  12  0:00  SCV  
  13  0:12  SCV  
  14  0:17  Supply Depot  
  14  0:25  SCV  
  15  0:38  SCV  
  15  0:39  Barracks  
  16  0:43  Refinery  
  16  0:50  SCV  
  17  1:02  SCV  
  18  1:15  SCV  
  19  1:26  Reaper  
  19  1:27  Orbital Command  
  20  1:40  Command Center  
  20  1:51  Supply Depot  
  20  1:52  SCV  
  21  1:58  Marine  
  22  2:04  Factory  
  22  2:07  SCV  
  23  2:12  Refinery  
  23  2:19  SCV  
  23  2:20  Barracks Reactor  
  24  2:31  SCV  
  25  2:43  SCV  
  26  2:49  Starport  
  26  2:51  Orbital Command  
  26  2:55  SCV  
  27  2:59  Hellion x2  
  31  3:08  SCV  
  31  3:11  Barracks Tech Lab  
  32  3:19  SCV  
  32  3:21  SCV  
  32  3:23  Hellion x2  
  37  3:31  SCV  
  37  3:34  Supply Depot, SCV  
  39  3:36  Banshee, Cloaking Field  
  42  3:43  SCV  
  42  3:46  SCV  
  44  3:53  Hellion  
  49  3:55  SCV  
  49  3:56  Hellion  
  49  3:57  Supply Depot  
  49  3:58  SCV  
  50  4:07  SCV  
  47  4:17  SCV  
  47  4:21  Banshee  
  51  4:28  SCV  
  51  4:29  Command Center, SCV  
  53  4:32  Barracks Tech Lab  
  53  4:40  SCV  
  53  4:41  SCV  
  56  4:52  SCV  
  56  4:53  SCV  
  56  4:57  Marine  
  58  5:00  Barracks, Factory Reactor  
  58  5:01  Barracks  
  58  5:04  SCV  
  59  5:12  Factory, Banshee  
  59  5:14  Factory  
  62  5:17  Supply Depot, Refinery  
  62  5:18  Refinery  
  62  5:22  Supply Depot  
  62  5:31  Barracks Tech Lab  
  62  5:38  SCV x2  
  62  5:39  Hellion x2  
  68  5:45  SCV  
  68  5:47  Armory x2  
  69  5:50  SCV x2  
  71  5:57  Orbital Command  
  71  6:03  SCV x2  
  73  6:04  Banshee  
  73  6:10  Hellion x2  
  80  6:15  SCV x2  
  82  6:27  SCV x2  
  82  6:32  Supply Depot  
  84  6:33  Supply Depot  
  84  6:36  Thor  
  84  6:37  Hellion  
  84  6:39  SCV  
  93  6:44  Supply Depot  
  93  6:48  SCV  
  93  6:51  Hellion  
  93  6:53  Viking, Thor  
  98  6:55  SCV  
  98  7:00  SCV  
  87  7:07  Terran Vehicle And Ship Armor Level 1, Terran Vehicle Weapons Level 1, SCV  
  85  7:10  Barracks Reactor, Refinery  
  85  7:12  SCV  
  85  7:13  Refinery, Hellion  
  85  7:14  Factory  
  85  7:15  Factory, Hellion  
  90  7:19  SCV  
  91  7:24  Supply Depot  
  91  7:25  SCV  
  92  7:31  SCV  
  92  7:34  Orbital Command  
  94  7:37  SCV  
  94  7:39  Hellion x2  
  94  7:42  Siege Tank x2  
  94  7:43  SCV  
  105  7:49  SCV  
  106  7:59  SCV  
  106  8:00  SCV  
  106  8:01  Medivac x2  
  106  8:04  Factory Reactor  
  112  8:06  SCV  
  112  8:10  Hellion x2  
  112  8:11  SCV  
  118  8:15  SCV  
  118  8:16  Siege Tank  
  122  8:23  Supply Depot  
  122  8:25  Siege Tank  
  125  8:27  Supply Depot x2  
  125  8:31  Infernal Pre-Igniter  
  125  8:32  Supply Depot  
  125  8:43  Orbital Command  
  125  8:45  Hellion x4  
  120  8:56  SCV x2  
  120  9:00  Siege Tank  
  119  9:08  SCV x2  
  119  9:09  Terran Vehicle Weapons Level 2, Terran Vehicle And Ship Armor Level 2  
  121  9:22  SCV  
  122  9:26  SCV  
  122  9:29  Refinery  
  122  9:30  Siege Tank  
  126  9:32  Hellion  
  126  9:35  Hellion  
  126  9:36  Hellion  
  125  9:49  Hellion  
  125  9:50  Hellion  
  123  9:53  Hellion  
  123  9:55  Medivac x2  
  123  9:57  Hellion  
  124  10:05  Thor  
  130  10:08  Hellion x2  
  130  10:11  Hellion  
  130  10:12  SCV x3  
  137  10:23  Siege Tank  
  137  10:24  SCV  
  141  10:35  Hellion  
  141  10:37  Hellion  
  141  10:50  Hellion  
  141  10:51  Liberator x2, Hellion  
  141  10:54  Siege Tank  
  141  10:55  Siege Tank x2  
  124  11:06  Hellion  
  129  11:24  Hellion x2  
  104  11:26  Siege Tank  
  104  11:27  Siege Tank x2  
  101  11:34  Hellion  
  101  11:35  Hellion  
  101  11:37  Terran Vehicle Weapons Level 3  
  105  11:43  Command Center, SCV x3  
  105  11:44  Command Center  
  105  11:45  Supply Depot, Hellion x2  
  112  11:56  Engineering Bay, Hellion x2  
  112  11:58  Siege Tank  
  112  11:59  Hellion  
  121  12:01  SCV  
  121  12:03  SCV  
  120  12:18  Command Center  
  120  12:20  Hellion x3  
  120  12:22  Hellion  
  125  12:47  Hellion x2  
  125  12:48  Hellion  
  131  12:54  Siege Tank  
  134  12:58  Supply Depot  
  134  12:59  Supply Depot, Siege Tank  
  134  13:00  Supply Depot  
  134  13:04  SCV x2  
  120  13:16  SCV x2  
  120  13:24  Siege Tank  
  123  13:28  SCV x2  
  125  13:40  SCV  
  126  13:45  Orbital Command  
  126  13:49  Command Center  
Tags
 
Add a new tag
Caveats
  • Supply blocks, unpowered buildings, or Contaminate may cause inaccurate times.
  • Supply counts are checked every 10 seconds.